 Dungeon Crawl Stone Soup version 0.22.1-1-ga44c0e5 (webtiles) character file.

6606 harcile the Carver (level 11, -11/95 HPs)
             Began as a Hill Orc Fighter on Oct 26, 2018.
             Was an Elder of the Shining One.
             Mangled by an orc knight
             ... wielding a +0 glaive
              (25 damage)
             ... in a bailey.
             The game lasted 00:36:52 (8915 turns).

harcile the Carver (Hill Orc Fighter)               Turns: 8915, Time: 00:36:53

Health: -11/95     AC: 25    Str: 26    XL:     11   Next: 2%
Magic:  14/14      EV:  6    Int:  8    God:    the Shining One [****..]
Gold:   509        SH: 14    Dex: 12    Spells: 10/10 levels left

rFire    . . .     SeeInvis .   a - +1 long sword
rCold    . . .     Gourm    .   c - +0 shield
rNeg     + + .     Faith    .   D - +1 plate armour
rPois    +         Spirit   .   O - +0 helmet
rElec    .         Reflect  +   g - +0 cloak
rCorr    .         Harm     .   R - +0 pair of gloves
MR       .....                  J - +0 pair of boots
Stlth    ..........             w - +2 amulet of reflection
HPRegen  0.25/turn              P - +4 ring of protection
MPRegen  0.14/turn              B - ring of poison resistance

@: mighty, glowing
A: iridescent scales 1, blurry vision 1, mutation resistance 1
a: Divine Shield, Cleansing Flame, Renounce Religion


You were in a bailey.
You worshipped the Shining One.
The Shining One was greatly pleased with you.
You were not hungry.

You visited 1 branch of the dungeon, and saw 9 of its levels.
You also visited: Sewer, Ossuary and Bailey.

You collected 509 gold pieces.

Inventory:

Hand Weapons
 a - a +1 long sword (weapon)
 b - a +0 dagger of protection
 M - the +1 quarterstaff of the Beast {freeze, *Slow +Inv Str+5}
   (You found it on level 6 of the Dungeon)

   It has been specially enchanted to freeze those struck by it, causing extra
   injury to most foes and up to half again as much damage against particularly
   susceptible opponents.
   It can also slow down cold-blooded creatures.
   It affects your strength (+5).
   It lets you turn invisible.
   It may slow you when you take damage.
Armour
 c - a +0 shield (worn)
 g - a +0 cloak (worn)
 q - a scarf of spirit shield
 y - a +2 leather armour of cold resistance
 D - a +1 plate armour (worn)
 F - a +0 robe
 G - a +1 robe of the Archmagi
 J - a +0 pair of boots (worn)
 N - a +0 scale mail
 O - a +0 helmet (worn)
 Q - the +0 scale mail of Ethics {+Fly Int+2}
   (You found it on level 9 of the Dungeon)

   It affects your intelligence (+2).
   It lets you fly.
 R - a +0 pair of gloves (worn)
 S - a +0 shield
Jewellery
 o - an uncursed ring of flight
 v - an uncursed ring of see invisible
 w - a +2 amulet of reflection (around neck)
 B - a ring of poison resistance (right hand)
 P - a +4 ring of protection (left hand)
Scrolls
 e - 4 scrolls of teleportation
 i - 2 scrolls of identify
 k - a scroll of enchant weapon
 l - 4 scrolls of remove curse
 p - 2 scrolls of fog
 r - 2 scrolls of magic mapping
 s - a scroll of acquirement {unknown}
 t - 2 scrolls of immolation
 L - a scroll of amnesia
Potions
 d - 7 potions of might
 h - 3 potions of flight
 j - 7 potions of heal wounds
 m - a potion of berserk rage
 n - 12 potions of curing
 u - 2 potions of lignification {unknown}
 x - a potion of invisibility
 z - 2 potions of agility
 A - a potion of mutation
 C - 2 potions of resistance {unknown}
 E - 2 potions of haste
 H - a potion of cancellation {unknown}
 I - 3 potions of ambrosia
 K - a potion of brilliance {unknown}
Comestibles
 f - 12 rations


   Skills:
 + Level 8.9 Fighting
 + Level 10.7 Long Blades
 + Level 7.7 Armour
 + Level 9.6 Shields
 * Level 4.6 Evocations


You had 10 spell levels left.
You didn't know any spells.
Your spell library contained the following spells:

 Spells                   Type           Power        Failure   Level  Hunger
 Animate Skeleton         Necr           N/A          100%        1    ##.....
 Apportation              Tloc           #.....       100%        1    ##.....
 Confusing Touch          Hex            #.....       100%        1    ##.....
 Summon Small Mammal      Summ           #...         100%        1    ##.....
 Confuse                  Hex            #.......     100%        3    ####...
 Gell's Gravitas          Tloc           #.........   100%        3    ####...
 Petrify                  Tmut/Erth      #.......     100%        4    #####..
 Metabolic Englaciation   Hex/Ice        #.........   100%        5    ######.
 Yara's Violent Unravell  Hex/Tmut       #.........   100%        5    ######.


Dungeon Overview and Level Annotations

Branches:
Dungeon (9/15)             Temple (0/1) D:4            Lair (0/6) D:8
    Orc: D:9-12

Altars:
Okawaru
Qazlal
Ru
Yredelemnul
Zin
The Shining One

Shops:
D:5 }


Innate Abilities, Weirdness & Mutations

You are partially covered in iridescent scales. (AC +2)
Scrolls take you a little longer to read.
You are somewhat resistant to further mutation.


Message History

The orc knight roars a battlecry!
The orc knight goes into a battle-frenzy!
The orc knight hits you from afar with a glaive!
You recover from your berserk rage.
The orc knight hits you with a glaive. The orc knight barely misses you.
There is a gate leading back out of this place, spattered with blood here.
You slice the orc knight!!
The orc knight is moderately wounded.
The orc knight hits you from afar with a halberd!
You block the orc knight's attack. x2
You barely miss the orc knight.
The orc knight is moderately wounded.
You block the orc knight's attack.
The orc knight hits you from afar with a halberd!!
Okay, then.
The orc knight hits you but does no damage.
The orc knight hits you with a glaive!
* * * LOW HITPOINT WARNING * * *
The orc knight hits you with a glaive!!
You die...

############ #
##.∩....)...## ##
#.....))))...######.
#.....)))....#.)..#.
#∩......)....)))).)o
#............#....#.
#...oo.......######.
##.@oo......## ##
############ #


You could see 4 orc knights.

Vanquished Creatures
  An orc knight (Bailey)
  Pikel (D:6)
  The ghost of Zebedee the Slinger, a novice SpAM of Okawaru (D:7)
  6 yaks (D:9)
  Eustachio (D:6)
  A hungry ghost (D:8)
  A water moccasin (D:8)
  9 orc warriors
  A black bear (D:8)
  An ice beast (D:3)
  A phantom (D:5)
  3 ogres (D:7)
  A centaur (D:7)
  2 big kobolds (Sewer)
  Blork the orc (D:5)
  2 gnoll sergeants
  5 bullfrogs
  5 scorpions
  14 killer bees
  A howler monkey (D:6)
  3 centaur zombies
  A bullfrog zombie (D:6)
  A crimson imp (D:5)
  2 hounds
  A human zombie (Ossuary)
  2 orc priests (D:7)
  5 worker ants
  2 iguanas (D:4)
  5 orc wizards
  3 big kobold zombies (Ossuary)
  2 hound zombies (D:6)
  2 mummies (Ossuary)
  A howler monkey zombie (D:6)
  A worker ant zombie (D:6)
  8 gnolls
  8 adders
  2 shadow imps
  An ooze (Sewer)
  5 adder zombies
  4 adder skeletons
  A worm (D:4)
  2 dart slugs
  6 leopard geckos
  59 orcs
  11 giant cockroaches
  6 goblins
  4 hobgoblins
  16 jackals
  4 quokkas
  4 ball pythons
  11 bats
  5 frilled lizards
  A goblin zombie (Ossuary)
  9 hobgoblin zombies (Ossuary)
  A jackal skeleton (D:6)
  A jackal zombie (Ossuary)
  19 kobolds
  4 kobold zombies (Ossuary)
  12 orc zombies (Ossuary)
  2 quokka zombies
  11 rats
306 creatures vanquished.

Vanquished Creatures (others)
  A slave (D:6)
  A centaur (D:6)
  An orc (D:6)
  A giant cockroach (D:6)
  2 kobolds (Sewer)
6 creatures vanquished.

Grand Total: 312 creatures vanquished

Notes
Turn   | Place    | Note
-------+----------+-------------------------------------------
     0 | D:1      | harcile the Hill Orc Fighter began the quest for the Orb.
     0 | D:1      | Reached XP level 1. HP: 19/19 MP: 1/1
   188 | D:1      | Reached XP level 2. HP: 23/27 MP: 2/2
   733 | D:2      | Reached XP level 3. HP: 29/33 MP: 3/3
  1224 | D:2      | Found a sacrificial altar of Ru.
  1351 | D:2      | Reached XP level 4. HP: 28/40 MP: 4/4
  1386 | D:3      | Found a glowing silver altar of Zin.
  1387 | D:3      | Found a stormy altar of Qazlal.
  1387 | D:3      | Found a glowing golden altar of the Shining One.
  1387 | D:3      | Found an iron altar of Okawaru.
  1446 | D:3      | Became a worshipper of the Shining One
  1478 | D:3      | Reached skill level 3 in Long Blades
  1599 | D:3      | Noticed an ice beast
  1649 | D:3      | Killed an ice beast
  1649 | D:3      | Reached XP level 5. HP: 9/47 MP: 1/5
  2607 | D:4      | Reached skill level 4 in Long Blades
  2611 | D:4      | Found a staircase to the Ecumenical Temple.
  2646 | D:4      | Reached XP level 6. HP: 41/53 MP: 6/6
  2701 | D:4      | Reached skill level 5 in Shields
  3298 | D:5      | Entered Level 5 of the Dungeon
  3315 | D:5      | Reached skill level 5 in Long Blades
  3330 | D:5      | Found Inudd's Gadget Shoppe.
  3405 | D:5      | Reached XP level 7. HP: 58/60 MP: 7/7
  3464 | D:5      | Reached skill level 5 in Fighting
  3483 | D:5      | Reached * piety under the Shining One
  3522 | D:5      | Noticed Blork the orc
  3538 | D:5      | Killed Blork the orc
  3816 | D:6      | Reached skill level 6 in Long Blades
  3835 | D:6      | Noticed Eustachio
  3863 | D:6      | Killed Eustachio
  3863 | D:6      | Reached XP level 8. HP: 55/70 MP: 8/8
  3907 | D:6      | Noticed Pikel
  3919 | D:6      | Found a sand-covered staircase.
  3937 | D:6      | Killed Pikel
  3937 | D:6      | Reached skill level 7 in Long Blades
  3937 | D:6      | Reached skill level 5 in Armour
  3943 | Ossuary  | Entered an ossuary
  3961 | Ossuary  | Reached ** piety under the Shining One
  4024 | Ossuary  | Reached *** piety under the Shining One
  4091 | Ossuary  | Reached **** piety under the Shining One
  4213 | D:6      | Found a glowing drain.
  4233 | D:6      | Reached skill level 8 in Long Blades
  4242 | D:6      | Reached XP level 9. HP: 16/78 MP: 3/9
  4255 | Sewer    | Entered a sewer
  4805 | D:6      | Got a translucent quarterstaff
  5447 | D:6      | Gained mutation: You are robust. (+10% HP) [potion of
                  | mutation]
  5447 | D:6      | Gained mutation: Scrolls take you a little longer to read.
                  | [potion of mutation]
  5447 | D:6      | Gained mutation: You expend magic power (3 MP) to
                  | strengthen your wands. [potion of mutation]
  5448 | D:6      | Lost mutation: You expend magic power (3 MP) to strengthen
                  | your wands. [potion of mutation]
  5448 | D:6      | Lost mutation: You are robust. (+10% HP) [potion of
                  | mutation]
  5448 | D:6      | Lost mutation: Scrolls take you a little longer to read.
                  | [potion of mutation]
  5448 | D:6      | Gained mutation: Scrolls take you a little longer to read.
                  | [potion of mutation]
  5448 | D:6      | Gained mutation: You are somewhat resistant to further
                  | mutation. [potion of mutation]
  5448 | D:6      | Gained mutation: You are partially covered in iridescent
                  | scales. (AC +2) [potion of mutation]
  5545 | D:7      | Found a basalt altar of Yredelemnul.
  5557 | D:7      | Reached skill level 9 in Long Blades
  5797 | D:7      | Found a runed door.
  5797 | D:7      | Noticed Zebedee's ghost (novice SpAM)
  6192 | D:7      | Identified the cursed +1 quarterstaff of the Beast {freeze,
                  | *Slow +Inv Str+5} (You found it on level 6 of the Dungeon)
  6360 | D:7      | Reached skill level 1 in Evocations
  6541 | D:7      | Reached XP level 10. HP: 42/86 MP: 11/11
  7052 | D:7      | Killed Zebedee's ghost
  7052 | D:7      | Reached skill level 10 in Long Blades
  7626 | D:8      | Found a staircase to the Lair.
  8318 | D:9      | Got a slimy scale mail
  8345 | D:9      | Found a flagged portal.
  8364 | D:9      | Identified the +0 scale mail of Ethics {+Fly Int+2} (You
                  | found it on level 9 of the Dungeon)
  8375 | Bailey   | Entered a bailey
  8703 | Bailey   | Noticed an orc knight
  8721 | Bailey   | Killed an orc knight
  8721 | Bailey   | Reached XP level 11. HP: 95/95 MP: 14/14
  8853 | Bailey   | Noticed an orc knight
  8853 | Bailey   | Noticed an orc knight
  8856 | Bailey   | Noticed an orc knight
  8859 | Bailey   | Noticed an orc knight
  8915 | Bailey   | Mangled by an orc knight

Skill      XL: |  1  2  3  4  5  6  7  8  9 10 |
---------------+-------------------------------+-----
Fighting       | 4 5 6 7 8 |  8.9
Shields        | 4 5 6 7 8 9 |  9.6
Long Blades    | 3 4 5 6 8 9 10 | 10.7
Armour         | 4 5 6 7 |  7.7
Evocations     | 1 4 |  4.6

Action                   |  1- 3 |  4- 6 |  7- 9 | 10-12 || total
-------------------------+-------+-------+-------+-------++-------
Melee: Long sword        |   113 |   258 |   440 |   166 ||   977
       Quarterstaff      |       |       |    77 |   113 ||   190
 Abil: Evoke Flight      |     1 |       |       |       ||     1
  Use: Potion            |       |     1 |     4 |     8 ||    13
       Scroll            |       |       |    15 |     3 ||    18
  Eat: Chunk             |     2 |     7 |     4 |     7 ||    20
       Ration            |       |       |     2 |     2 ||     4
Armor: Scale mail        |    43 |       |       |       ||    43
       Plate armour      |     9 |   184 |   292 |   212 ||   697
       Robe              |       |       |    16 |       ||    16
       Skin              |       |       |     1 |       ||     1
Dodge: Dodged            |    34 |    40 |   122 |    97 ||   293
Block: Shield            |    68 |   183 |   334 |   184 ||   769
       Reflection        |     2 |       |    16 |       ||    18
       Other             |       |       |    10 |     5 ||    15
       Rpst.: Long sword |     5 |    13 |    22 |    23 ||    63
